 Dungeon Crawl Stone Soup version 0.23.2-1-ga50397a (webtiles) character file.

Game seed: 7477106985007555964

1204 funkygono the Digger (level 8, 0/57 HPs)
             Began as a Formicid Earth Elementalist on May 14, 2019.
             Was an Initiate of the Shining One.
             Killed by divine providence
             ... invoked by an orc priest
              (11 damage)
             ... on level 6 of the Dungeon.
             The game lasted 00:20:57 (4886 turns).

funkygono the Digger (Formicid Earth Elementalist)  Turns: 4886, Time: 00:20:58

Health: 0/57       AC:  7    Str: 14    XL:     8   Next: 73%
Magic:  2/15       EV: 12    Int: 16    God:    the Shining One [......]
Gold:   248        SH:  0    Dex: 11    Spells: 4/17 levels left

rFire    . . .     SeeInvis +   j - +2 mace (protect)
rCold    . . .     Gourm    .   (no shield)
rNeg     . . .     Faith    .   f - +3 leather armour
rPois    .         Spirit   .   (helmet unavailable)
rElec    .         Reflect  .   (no cloak)
rCorr    .         Harm     .   (no gloves)
MR       .....                  s - +0 pair of boots
Stlth    +.........             (no amulet)
HPRegen  0.19/turn              m - ring of wizardry
MPRegen  0.14/turn              (no ring)

@: very slightly contaminated, glowing
A: permanent stasis, dig shafts and tunnels, four strong arms, antennae 3
a: Dig, Shaft Self, Renounce Religion


You were on level 6 of the Dungeon.
You worshipped the Shining One.
The Shining One was noncommittal.
You were not hungry.

You visited 2 branches of the dungeon, and saw 7 of its levels.
You also visited: Sewer.

You collected 248 gold pieces.

Inventory:

Hand Weapons
 j - a +2 mace of protection (weapon)
Missiles
 b - 90 stones (quivered)
Armour
 f - a +3 leather armour (worn)
 p - a +2 ring mail of poison resistance
 s - a +0 pair of boots (worn)
Jewellery
 m - a ring of wizardry (left hand)
Wands
 o - a wand of acid (5)
 q - a wand of iceblast (7)
Scrolls
 c - 4 scrolls of magic mapping
 g - a scroll of fog
 h - a scroll of remove curse
Potions
 a - a potion of agility {unknown}
 e - 4 potions of curing
 i - a potion of lignification
 k - a potion of magic {unknown}
 l - a potion of brilliance {unknown}
 n - 3 potions of heal wounds {unknown}
Comestibles
 d - 4 rations
 r - 8 chunks of flesh


   Skills:
 + Level 2.4 Fighting
 + Level 4.1 Maces & Flails
 + Level 2.9 Armour
 + Level 3.1 Dodging
 + Level 3.0 Stealth
 + Level 5.0 Spellcasting
 + Level 2.2 Conjurations
   Level 1.1 Transmutations
 + Level 6.8 Earth Magic


You had 4 spell levels left.
You knew the following spells:

 Your Spells              Type           Power        Failure   Level  Hunger
a - Sandblast             Erth           ####..       1%          1    None
b - Stone Arrow           Conj/Erth      ###...       3%          3    ###....
c - Lee's Rapid Deconstr  Erth           ####......   13%         5    ######.
d - Leda's Liquefaction   Hex/Erth       ##........   19%         4    ####...

Your spell library contained the following spells:

 Spells                   Type           Power        Failure   Level  Hunger
 Passwall                 Tmut/Erth      ###.....     2%          2    #......
 Animate Skeleton         Necr           N/A          8%          1    None
 Apportation              Tloc           #.....       8%          1    None
 Confusing Touch          Hex            #.....       8%          1    None
 Corona                   Hex            #......      8%          1    None
 Summon Small Mammal      Summ           #...         8%          1    None
 Slow                     Hex            #.......     12%         2    #......
 Petrify                  Tmut/Erth      ###.....     16%         4    ####...
 Inner Flame              Hex/Fire       #.......     22%         3    ###....
 Portal Projectile        Hex/Tloc       #.....       22%         3    ###....
 Cause Fear               Hex            #.........   56%         4    ####...
 Yara's Violent Unravell  Hex/Tmut       #.........   82%         5    ######.
 Silence                  Hex/Air        #.........   87%         5    ######.
 Deflect Missiles         Chrm/Air       #.........   100%        6    #######
 Discord                  Hex            #.........   100%        8    #######


Dungeon Overview and Level Annotations

Branches:
Dungeon (6/15)             Temple (1/1) D:5

Altars:
Cheibriados
Dithmenos
Elyvilon
Fedhas
Gozag
Hepliaklqana
Kikubaaqudgha
Makhleb
Nemelex Xobeh
Okawaru
Qazlal
Ru
Sif Muna
Trog
Uskayaw
Wu Jian
Xom
Yredelemnul
Zin
The Shining One

Shops:
D:4 (

Annotations:
D:3 2 transporters, Paps's ghost, amateur TrFi


Innate Abilities, Weirdness & Mutations

You cannot be hasted, slowed, berserked, paralysed or teleported.
You can dig through walls and to a lower floor.
Your four strong arms can wield two-handed weapons with a shield.
You have a pair of large antennae on your head. (SInv)


Message History

The orc priest hits you but does no damage.
You hit the orc priest but do no damage.
Your weapon exudes an aura of protection.
The orc priest mumbles some strange prayers to Beogh against you.
Pain shoots through your body!
You hit the orc priest.
The orc priest is moderately wounded.
The orc priest hits you with a +0 falchion!
You hit the orc priest but do no damage.
The orc priest is moderately wounded.
The orc priest closely misses you.
An orc wizard comes into view. It is wielding a +0 dagger.
The orc priest mumbles some strange prayers to Beogh against you.
Beogh smites you!
* * * LOW HITPOINT WARNING * * *
You see here a hound skeleton.
You see here a jackal skeleton.
The orc priest invokes the aid of Beogh against you.
Beogh smites you!
You die...

######################
.......<........@..o)#
####################o#
##รท# ######## ##..# {
##......## #{.##
#........###o## { {
..........#..#
............##
.........o.##


You could see an orc priest and an orc.

Vanquished Creatures
  Grinder (D:5)
  An ice beast (D:6)
  Purgy (Sewer)
  A bullfrog (D:5)
  A scorpion (D:3)
  2 howler monkeys (D:5)
  2 hounds
  A gnoll shaman (D:5)
  2 orc priests (D:4)
  A centaur skeleton (D:5)
  2 orc wizards
  Jessica (D:2)
  3 worker ants
  Natasha (thrice) (D:2)
  8 adders
  4 gnolls (D:5)
  An ooze (D:3)
  An adder skeleton (D:3)
  2 worms
  7 leopard geckos
  15 orcs
  5 bats
  4 giant cockroaches
  9 goblins
  4 hobgoblins
  2 jackals (D:6)
  A quokka (D:2)
  3 ball pythons (Sewer)
  8 frilled lizards
  6 kobolds
  6 rats
108 creatures vanquished.

Notes
Turn   | Place    | Note
-------+----------+-------------------------------------------
     0 | D:1      | funkygono the Formicid Earth Elementalist began the quest
                  | for the Orb.
     0 | D:1      | Reached XP level 1. HP: 13/13 MP: 3/3
   224 | D:1      | Reached skill level 4 in Earth Magic
   224 | D:1      | Reached XP level 2. HP: 14/19 MP: 1/5
   597 | D:1      | Reached XP level 3. HP: 24/24 MP: 4/6
   654 | D:1      | Learned a level 3 spell: Stone Arrow
   850 | D:2      | Found a sparkling altar of Nemelex Xobeh.
   957 | D:2      | Noticed Jessica
   960 | D:2      | Killed Jessica
   960 | D:2      | Reached XP level 4. HP: 30/30 MP: 0/8
  1190 | D:2      | Noticed Natasha
  1194 | D:2      | Killed Natasha
  1194 | D:2      | Reached skill level 1 in Armour
  1194 | D:2      | Reached XP level 5. HP: 35/35 MP: 3/9
  1206 | D:2      | Learned a level 5 spell: Lee's Rapid Deconstruction
  1207 | D:2      | Found a glowing silver altar of Zin.
  1278 | D:2      | Noticed Natasha
  1286 | D:2      | Killed Natasha
  1286 | D:2      | Reached skill level 1 in Maces & Flails
  1286 | D:2      | Reached skill level 5 in Earth Magic
  1302 | D:2      | Noticed Natasha
  1305 | D:2      | Killed Natasha
  1418 | D:3      | Found an iron altar of Okawaru.
  1649 | D:3      | Reached skill level 1 in Conjurations
  1661 | D:3      | Reached XP level 6. HP: 38/42 MP: 5/11
  1678 | D:3      | Found a transporter.
  1680 | D:3      | Found a transporter.
  1681 | D:3      | Noticed Paps's ghost (amateur TrFi)
  1815 | D:3      | Found a basalt altar of Yredelemnul.
  1854 | D:3      | Reached skill level 1 in Fighting
  2099 | D:3      | Found a hazy altar of Hepliaklqana.
  2099 | D:3      | Found a stormy altar of Qazlal.
  2099 | D:3      | Found a hide-covered altar of Uskayaw.
  2099 | D:3      | Found a deep blue altar of Sif Muna.
  2107 | D:3      | Found a blossoming altar of Fedhas.
  2113 | D:3      | Found a snail-covered altar of Cheibriados.
  2376 | D:4      | Reached XP level 7. HP: 11/48 MP: 1/12
  2621 | D:4      | Found Kerum's Weapon Shoppe.
  2663 | D:4      | Found an ornate altar of the Wu Jian Council.
  2962 | D:5      | Entered Level 5 of the Dungeon
  3115 | D:5      | Found a staircase to the Ecumenical Temple.
  3122 | Temple   | Entered the Ecumenical Temple
  3330 | Temple   | Became a worshipper of the Shining One
  3352 | D:5      | Found a glowing drain.
  3365 | Sewer    | Entered a sewer
  3404 | Sewer    | Noticed Purgy
  3412 | Sewer    | Killed Purgy
  3412 | Sewer    | Reached skill level 6 in Earth Magic
  3909 | D:5      | Reached XP level 8. HP: 8/54 MP: 2/14
  4340 | D:5      | Noticed Grinder
  4359 | D:5      | Killed Grinder
  4859 | D:6      | Reached skill level 5 in Spellcasting
  4866 | D:6      | Learned a level 4 spell: Leda's Liquefaction
  4886 | D:6      | Killed from afar by an orc priest

Skill      XL: |  1  2  3  4  5  6  7  8 |
---------------+-------------------------+-----
Earth Magic    | 4 5 6 |  6.8
Dodging        | 2 3 |  3.1
Spellcasting   | 3 4 5 |  5.0
Armour         | 1 2 |  2.9
Maces & Flails | 1 2 3 4 |  4.1
Conjurations   | 1 2 |  2.2
Fighting       | 1 2 |  2.4
Stealth        | 3 |  3.0
Transmutations | |  1.1

Action                   |  1- 3 |  4- 6 |  7- 9 || total
-------------------------+-------+-------+-------++-------
Melee: Mace              |    19 |    99 |   110 ||   228
 Cast: Sandblast         |    15 |    10 |    13 ||    38
       Stone Arrow       |     7 |    35 |    30 ||    72
       Lee's Rapid Decon |       |       |     2 ||     2
  Use: Scroll            |     7 |     9 |     5 ||    21
       Potion            |       |     3 |     3 ||     6
  Eat: Chunk             |     1 |     8 |    12 ||    21
Armor: Leather armour    |     4 |    46 |    70 ||   120
Dodge: Dodged            |    15 |    80 |    96 ||   191
